 Dungeon Crawl Stone Soup version 0.17.1-3-g152610e (webtiles) character file.

69 Stendarr the Firebug (level 4, 0/39 HPs)
             Began as a Troll Fire Elementalist on Apr 9, 2016.
             Slain by a gnoll
             ... wielding a +0 spear
              (7 damage)
             ... on level 2 of the Dungeon.
             The game lasted 00:06:15 (1311 turns).

Stendarr the Firebug (Troll Fire Elementalist)      Turns: 1311, Time: 00:06:15

Health: 0/39       AC:  6    Str: 16    XL:     4   Next: 2%
Magic:  1/4        EV:  9    Int: 12    God:
Gold:   79         SH:  0    Dex: 10    Spells: 1 memorised, 4 levels left

rFire  . . .     SeeInvis .     (no weapon)
rCold  . . .     Clarity  .     a - +0 robe
rNeg   . . .     SustAt   .     (no shield)
rPois  .         Gourm    +     (helmet restricted)
rElec  .         Spirit   .     m - +0 cloak
rCorr  .         Warding  .     (gloves unavailable)
rMut   .         Stasis   .     (boots unavailable)
MR     .....                    (no amulet)
Stlth  +.........               (no ring)
                                (no ring)

@: not resistant to hostile enchantments, very unstealthy
A: unfitting armour, claws 3, fast metabolism 3, gourmand, regeneration 2,
shaggy fur 1, tough skin 2
a: no special abilities


You were on level 2 of the Dungeon.
You were very full.

You visited 1 branch of the dungeon, and saw 2 of its levels.

You collected 79 gold pieces.

Inventory:

Armour
 a - a +0 robe (worn)
 m - a +0 cloak (worn)
Scrolls
 e - a scroll of immolation {unknown}
 g - a scroll of enchant weapon {unknown}
 l - 4 scrolls of identify {unknown}
 n - a scroll of teleportation {unknown}
 o - a scroll of amnesia {unknown}
 p - a scroll of remove curse {unknown}
Potions
 d - a potion of might {unknown}
 f - 3 potions of flight {unknown}
 h - a potion of heal wounds {unknown}
Books
 b - a book of Flames

   Spells                             Type                      Level
   a - Flame Tongue                   Conjuration/Fire             1
   b - Throw Flame                    Conjuration/Fire             2
   c - Conjure Flame                  Conjuration/Fire             3
   d - Inner Flame                    Hexes/Fire                   3
   e - Sticky Flame                   Conjuration/Fire             4
   f - Fireball                       Conjuration/Fire             5
Comestibles
 c - 3 bread rations
 i - a beef jerky
 j - 3 chunks of flesh
 k - a meat ration


   Skills:
 - Level 1.5 Dodging
 - Level 1.1 Stealth
 - Level 1.2 Spellcasting
 * Level 2.3 Conjurations
 + Level 2.7 Fire Magic


You had 4 spell levels left.
You knew the following spells:

 Your Spells              Type           Power        Failure   Level  Hunger
a - Flame Tongue          Conj/Fire      #....        12%         1    ##.....


Dungeon Overview and Level Annotations

Branches:
Dungeon (2/15)

Altars:


Innate Abilities, Weirdness & Mutations

You are too large for most types of armour.
You have claws for hands.
Your metabolism is lightning-fast.
You like to eat raw meat.
You heal very quickly.
You are covered in fur (AC +1).
You have very tough skin (AC +2).


Message History

Aim: a gnoll, wielding a halberd and wearing a robe (lightly wounded)
The flame tongue hits the gnoll.
The gnoll appears unharmed.
The gnoll is lightly wounded.
Casting: Flame Tongue
Confirm with . or Enter, or press ? or * to list all spells.
Aiming: Flame Tongue
Press: ? - help, Shift-Dir - straight line, f/p - gnoll
Aim: a gnoll, wielding a halberd and wearing a robe (lightly wounded)
The flame tongue hits the gnoll.
The gnoll is moderately wounded.
The gnoll shouts!
The gnoll closely misses you.
Some of the chunks of flesh in your inventory have rotted away.
The gnoll hits you from afar with a halberd!
The gnoll barely misses you.
The gnoll hits you from afar with a halberd!!
Ouch! That really hurt!
* * * LOW HITPOINT WARNING * * *
The gnoll hits you from afar with a spear!
You die...

#. #........### .# #.
##.......## .# #..
##..###..##### .###
#.##...# #...g..##....
#.....## #.###...#....
#######[>.# #g# #........
#........## #.###g.......
..........####g##....#...#
..##............@...## .##
#.#####.[.......## # ...
###....#### #### #.....#
##.#...# ##....### #.....#
###....## #####...####


You could see 2 gnolls.

Vanquished Creatures
  2 gnolls (D:1)
  An adder (D:2)
  An ooze (D:2)
  2 giant geckos (D:1)
  3 hobgoblins (D:1)
  3 jackals
  5 kobolds (D:1)
  7 bats
  5 giant newts
  4 goblins (D:1)
  7 rats (D:1)
40 creatures vanquished.

Notes
Turn   | Place    | Note
--------------------------------------------------------------
     0 | D:1      | Stendarr the Troll Fire Elementalist began the quest for the Orb.
     0 | D:1      | Reached XP level 1. HP: 16/16 MP: 1/1
    48 | D:1      | Reached skill level 1 in Conjurations
    62 | D:1      | Reached XP level 2. HP: 24/24 MP: 2/2
   775 | D:1      | Reached XP level 3. HP: 25/31 MP: 0/3
  1210 | D:2      | Reached XP level 4. HP: 39/39 MP: 4/4
  1311 | D:2      | Slain by a gnoll

Action                   |  1- 3 |  4- 6 || total
-------------------------+-------+-------++-------
Melee: Unarmed           |    98 |    11 ||   109
 Cast: Flame Tongue      |    31 |     7 ||    38
  Eat: Chunk             |    18 |       ||    18
